Map: Catalyst LE

Players

Oliver - Winner!

  • Race: Zerg Zerg
  • League: Diamond
  • Spawn Location: 11:00

Blackbeard

  • Race: Terran Terran
  • League: Diamond
  • Spawn Location: 5:00

VOD

Have the link to the VOD?

Description

Time

  • Played on: April 14, 2018, 5:53 a.m.
  • Length: 23:38
Show
View Real Time Build Order
Export as new Build Order

Oliver Zerg - Winner!

Build Orders: Pool First 

Get SALT Encoding   

  12  0:00  Drone  
  13  0:14  Overlord  
  13  0:17  Drone  
  14  0:33  Drone x2  
  16  0:37  Drone  
  17  0:47  Spawning Pool  
  16  0:53  Extractor, Drone  
  16  0:58  Drone  
  17  1:19  Hatchery, Drone  
  17  1:34  Zergling x4  
  19  1:41  Queen  
  19  1:42  Drone  
  22  1:54  Overlord  
  22  2:07  Metabolic Boost  
  22  2:17  Queen  
  22  2:18  Drone  
  22  2:19  Drone  
  26  2:29  Drone  
  27  2:37  Drone x2  
  29  2:45  Drone  
  30  2:53  Drone x2  
  30  2:58  Hatchery  
  30  3:00  Overlord  
  30  3:03  Drone  
  30  3:04  Drone  
  30  3:05  Drone  
  33  3:07  Drone  
  34  3:15  Queen  
  35  3:21  Queen  
  37  3:30  Drone x3  
  37  3:31  Drone x2  
  42  3:36  Drone  
  42  3:39  Overlord  
  42  3:40  Overlord  
  43  3:57  Queen  
  43  3:59  Queen  
  43  4:00  Drone x4  
  43  4:01  Drone  
  52  4:05  Drone  
  53  4:17  Extractor  
  53  4:19  Queen  
  54  4:25  Overlord x3  
  54  4:28  Drone x2  
  54  4:29  Drone x4  
  60  4:37  Lair, Baneling Nest  
  59  4:45  Zergling x10  
  64  4:51  Evolution Chamber  
  63  4:54  Evolution Chamber  
  62  5:00  Drone x3  
  62  5:01  Drone  
  66  5:09  Zergling x12  
  72  5:18  Drone x6  
  79  5:28  Drone x2  
  79  5:29  Drone  
  79  5:32  Overlord  
  79  5:33  Overlord x2  
  81  5:48  Queen  
  81  5:49  Extractor x2  
  81  5:53  Extractor  
  81  5:55  Infestation Pit  
  81  5:56  Hydralisk Den, Zerg Melee Weapons Level 1  
  81  5:57  Zerg Ground Armor Level 1  
  78  6:01  Drone x3  
  78  6:02  Extractor, Drone  
  78  6:03  Drone x3  
  78  6:04  Drone x2  
  86  6:05  Drone x3  
  89  6:18  Drone x3  
  92  6:25  Overlord x2  
  92  6:28  Hatchery  
  92  6:29  Grooved Spines  
  92  6:32  Hive  
  91  6:33  Zergling x2  
  91  6:34  Zergling x2  
  93  6:47  Zergling x2  
  93  6:48  Zergling x12  
  93  6:49  Hatchery  
  98  6:56  Hydralisk  
  98  6:57  Hydralisk x2  
  104  7:17  Overlord  
  104  7:20  Hydralisk  
  104  7:21  Hydralisk x5  
  116  7:41  Muscular Augments  
  116  7:45  Viper x3  
  125  7:54  Zergling x2  
  125  7:55  Zergling x18, Ultralisk Cavern  
  134  7:59  Drone x2  
  134  8:01  Overlord x4  
  136  8:20  Pneumatized Carapace  
  136  8:26  Zerg Melee Weapons Level 2, Zerg Ground Armor Level 2  
  136  8:31  Hydralisk  
  136  8:32  Hydralisk x4  
  146  8:39  Hydralisk x2  
  150  8:44  Extractor, Evolution Chamber  
  150  8:45  Extractor  
  150  8:46  Evolution Chamber  
  150  8:47  Evolution Chamber  
  145  9:03  Hydralisk x8  
  145  9:06  Overlord x3  
  145  9:07  Overlord  
  161  9:16  Chitinous Plating  
  160  9:34  Ultralisk  
  160  9:37  Adrenal Glands  
  166  9:44  Drone x4  
  170  9:45  Drone  
  170  9:46  Drone x3  
  170  9:48  Drone  
  170  9:49  Drone x6  
  181  9:55  Baneling  
  181  9:56  Baneling x11  
  181  10:07  Hatchery  
  180  10:25  Centrifical Hooks  
  181  10:28  Zergling x2  
  181  10:29  Zergling x24  
  181  10:33  Ultralisk  
  159  11:34  Hydralisk x6  
  159  11:35  Hydralisk x12  
  179  11:46  Zerg Missile Weapons Level 1  
  166  11:47  Zerg Ground Armor Level 3  
  166  11:50  Spire  
  165  12:06  Viper x3  
  165  12:08  Hydralisk x4  
  174  12:09  Hydralisk x2  
  185  12:37  Drone x5  
  185  12:38  Drone  
  191  12:45  Drone x2  
  191  12:46  Evolution Chamber x3  
  191  12:47  Evolution Chamber  
  189  13:04  Corruptor  
  189  13:05  Corruptor x4  
  199  13:08  Zerg Flyer Weapons Level 1  
  199  13:11  Spire  
  198  13:36  Hatchery  
  197  13:59  Zerg Missile Weapons Level 2  
  197  14:00  Zerg Melee Weapons Level 3  
  197  14:35  Zerg Flyer Armor Level 1  
  197  14:36  Overlord  
  197  14:37  Corruptor  
  189  14:49  Hydralisk  
  189  14:50  Hydralisk x4  
  146  15:17  Hydralisk x13  
  146  15:18  Hydralisk x23  
  177  15:32  Hydralisk x4  
  177  15:33  Hydralisk x7  
  195  16:27  Viper  
  198  16:53  Extractor  
  173  16:57  Extractor  
  138  17:12  Hydralisk x9  
  138  17:13  Hydralisk x10  
  138  17:15  Viper x3  
  170  17:20  Zerg Missile Weapons Level 3  
  179  17:29  Hydralisk x10  
  199  17:53  Extractor  
  199  17:54  Extractor  
  197  18:09  Hatchery  
  197  18:10  Hydralisk  
  198  18:21  Drone  
  198  18:23  Evolution Chamber  
  198  18:24  Evolution Chamber  
  198  18:25  Overseer  
  153  19:48  Hydralisk x8  
  153  19:49  Hydralisk x10  
  133  20:03  Hydralisk x2  
  133  20:04  Hydralisk x28  
  133  20:05  Hydralisk x6  
  199  20:37  Extractor, Hatchery  
  199  20:39  Extractor  
  193  21:07  Viper x2  
  197  21:23  Viper x4  
  199  21:33  Evolution Chamber  
  199  21:35  Evolution Chamber  
  193  22:51  Hydralisk x3  
Show
View Real Time Build Order
Export as new Build Order

Blackbeard Terran 

Build Orders: Command Center First (CC) 

Get SALT Encoding   

  12  0:00  SCV  
  13  0:13  SCV  
  14  0:17  Supply Depot  
  14  0:25  SCV  
  15  0:39  SCV  
  16  0:51  SCV  
  17  1:02  Command Center  
  17  1:06  SCV  
  17  1:10  Refinery  
  18  1:18  SCV  
  18  1:25  Barracks  
  19  1:30  SCV  
  20  1:42  SCV  
  21  1:55  SCV  
  22  2:02  Refinery  
  22  2:07  SCV  
  23  2:13  Marine, Factory  
  23  2:15  Orbital Command  
  24  2:21  Orbital Command  
  24  2:31  Marine  
  24  2:33  Supply Depot  
  25  2:47  SCV  
  25  2:50  Marine  
  27  2:57  Orbital Command  
  27  3:02  Starport  
  27  3:05  Factory Tech Lab  
  27  3:08  Marine  
  28  3:21  Supply Depot  
  28  3:23  SCV x2  
  28  3:25  Siege Tank  
  33  3:27  Barracks Reactor  
  33  3:35  SCV  
  33  3:41  Bunker  
  34  3:44  SCV  
  34  3:46  Supply Depot  
  34  3:47  SCV  
  36  3:55  Fusion Core  
  36  3:57  SCV  
  36  3:59  SCV  
  38  4:08  Marine x2  
  38  4:09  SCV  
  41  4:11  SCV  
  41  4:15  Supply Depot  
  42  4:19  Refinery  
  42  4:21  SCV  
  42  4:24  SCV  
  43  4:32  Engineering Bay  
  43  4:33  SCV  
  43  4:36  SCV  
  43  4:37  Supply Depot  
  45  4:43  Battlecruiser  
  51  4:49  Refinery  
  51  4:52  Supply Depot  
  51  5:03  Marine x2  
  53  5:15  SCV x2  
  53  5:17  Command Center  
  55  5:23  Marine, Supply Depot  
  55  5:24  Marine, Supply Depot  
  55  5:27  SCV x2  
  59  5:33  Armory  
  59  5:39  SCV x2  
  59  5:41  Factory Reactor  
  61  5:51  SCV x2  
  61  5:52  Battlecruiser  
  69  6:00  Starport  
  69  6:03  SCV x2  
  71  6:07  Hellion x2  
  75  6:14  Supply Depot  
  75  6:15  SCV x2, Supply Depot  
  75  6:16  Supply Depot  
  77  6:20  Terran Ship Weapons Level 1  
  77  6:27  SCV  
  77  6:31  Hellion, Missile Turret  
  77  6:32  Hellion  
  82  6:33  Supply Depot  
  82  6:36  Starport Tech Lab  
  82  6:45  Orbital Command  
  82  6:49  Barracks Tech Lab  
  82  6:55  Battlecruiser  
  82  6:58  Factory  
  88  7:06  Battlecruiser  
  94  7:11  Missile Turret  
  94  7:12  Missile Turret  
  94  7:14  Orbital Command  
  94  7:20  Hellion  
  94  7:21  Hellion  
  98  7:24  SCV  
  98  7:25  SCV  
  100  7:44  Missile Turret  
  100  7:45  SCV x3  
  100  7:48  Hellbat x2  
  107  7:57  SCV x3  
  110  7:59  Battlecruiser  
  116  8:07  Refinery x2  
  116  8:09  SCV x2  
  116  8:10  Battlecruiser, Bunker  
  116  8:12  SCV, Siege Tank  
  128  8:13  Hellbat  
  130  8:20  Terran Ship Weapons Level 2  
  130  8:21  SCV x2  
  130  8:24  SCV  
  133  8:27  Hellbat  
  133  8:33  SCV x2  
  137  8:35  Hellbat  
  137  8:36  SCV, Supply Depot  
  137  8:38  Supply Depot  
  140  8:42  Supply Depot  
  140  8:43  Supply Depot  
  140  8:45  SCV x2  
  140  8:48  Supply Depot  
  142  8:50  Supply Depot  
  142  8:52  SCV  
  142  8:55  Siege Tank  
  146  8:57  Barracks Tech Lab, SCV  
  147  9:05  Battlecruiser  
  147  9:06  Factory  
  153  9:16  Battlecruiser  
  159  9:31  Siege Tank  
  159  9:32  Hellbat x2  
  159  9:38  SCV x2  
  168  9:52  Command Center  
  168  9:59  Hellbat x2  
  172  10:03  Siege Tank  
  174  10:09  Battlecruiser  
  174  10:14  Siege Tank  
  183  10:18  Supply Depot  
  183  10:19  Supply Depot  
  183  10:20  Battlecruiser  
  189  10:35  Command Center  
  189  10:38  Command Center x2  
  191  10:50  Hellbat x2  
  191  10:51  Siege Tank x2  
  191  10:57  Terran Ship Weapons Level 3  
  199  11:00  Sensor Tower  
  199  11:05  Sensor Tower  
  117  11:40  Weapon Refit  
  108  11:53  Orbital Command  
  108  11:54  Orbital Command  
  108  11:55  Orbital Command  
  108  11:58  Planetary Fortress  
  108  12:06  Hellbat  
  108  12:07  Hellbat, Siege Tank x2  
  118  12:09  Battlecruiser  
  118  12:13  Refinery  
  122  12:17  Refinery  
  121  12:24  Missile Turret  
  121  12:25  SCV x2  
  121  12:26  SCV x2  
  121  12:28  Missile Turret x2  
  125  12:31  SCV  
  125  12:35  SCV  
  127  12:37  SCV  
  127  12:38  SCV x3  
  127  12:43  SCV  
  132  12:47  SCV  
  132  12:48  Missile Turret  
  132  12:49  Hellbat  
  132  12:50  SCV x4, Hellbat  
  141  12:52  Raven  
  143  13:00  Sensor Tower  
  143  13:03  Siege Tank  
  143  13:04  Siege Tank  
  149  13:16  Raven  
  149  13:18  Corvid Reactor  
  151  13:23  Orbital Command  
  151  13:28  Hellbat x2, Infernal Pre-Igniter  
  151  13:34  Terran Vehicle And Ship Armor Level 1  
  155  13:37  Siege Tank  
  158  13:47  Command Center  
  158  13:49  Hellbat x2  
  158  13:50  Siege Tank  
  158  13:53  Raven  
  167  14:06  Command Center  
  167  14:11  Raven  
  167  14:15  Hi-Sec Auto Tracking  
  169  14:53  Hellbat x2, Siege Tank x2  
  169  14:54  Battlecruiser  
  178  15:10  Battlecruiser  
  158  15:15  Hellbat x2  
  142  15:25  Hellbat  
  144  15:47  SCV x3  
  147  15:52  Orbital Command  
  147  15:55  Siege Tank  
  147  15:56  Hellbat x2, Siege Tank  
  157  15:58  Refinery  
  157  16:01  Refinery  
  157  16:06  Battlecruiser  
  163  16:17  Battlecruiser  
  163  16:27  Hellbat  
  163  16:28  Siege Tank  
  163  16:32  Planetary Fortress  
  168  16:45  SCV x3  
  107  17:10  Siege Tank x2  
  107  17:11  Hellbat  
  107  17:12  Hellbat  
  117  17:29  Missile Turret  
  117  17:33  Hellbat, Missile Turret  
  117  17:34  Missile Turret  
  119  17:42  Siege Tank x2  
  119  17:43  Hellbat  
  127  17:45  Battlecruiser  
  133  17:54  Hellbat  
  135  18:08  Raven  
  137  18:14  Siege Tank  
  137  18:19  Terran Vehicle And Ship Armor Level 2  
  140  18:20  Factory  
  140  18:21  Hellbat x2, Siege Tank  
  140  18:24  Factory  
  147  18:33  Missile Turret  
  147  18:43  Hellion x2  
  147  18:46  Siege Tank  
  154  18:50  Battlecruiser  
  160  18:56  SCV x2  
  160  19:00  Missile Turret  
  162  19:05  Hellion x2, Factory Tech Lab  
  162  19:07  Factory Reactor  
  166  19:11  Raven  
  94  20:06  Siege Tank x3  
  94  20:07  Hellion x4  
  106  20:20  Orbital Command  
  106  20:23  Command Center  
  106  20:30  Raven  
  106  20:31  Raven  
  110  20:38  Hellion  
  110  20:40  Command Center  
  110  20:53  Command Center  
  110  21:02  Hellion, Siege Tank x3  
  110  21:03  Hellion x2  
  125  21:05  Hellion x7  
  125  21:11  Missile Turret  
  125  21:12  Missile Turret  
  125  21:13  Missile Turret x2  
  125  21:15  Missile Turret  
  123  21:34  Siege Tank  
  123  21:35  Hellion x2, Siege Tank x2  
  123  21:36  Hellion x2  
  140  22:00  Hellion x2  
  140  22:01  Hellion x2  
  140  22:11  Siege Tank  
  143  22:28  Hellion x11  
  143  22:53  Siege Tank x2  
  143  22:54  Hellbat x4, Siege Tank  
  131  23:16  Hellbat x2  
Tags
 
Add a new tag
Caveats
  • Supply blocks, unpowered buildings, or Contaminate may cause inaccurate times.
  • Supply counts are checked every 10 seconds.